 Dungeon Crawl Stone Soup version 0.25-a0-565-g8875c97ebb (webtiles) character file.

Game seed: 2792744166866548936, levelgen mode: classic

7963 EnegeticOcto the Cleaver (level 11, -2/104 HPs)
             Began as a Deep Dwarf Fighter on Feb 26, 2020.
             Was a Priest of Makhleb.
             Slain by an 11-headed hydra (4 damage)
             ... on level 11 of the Dungeon.
             The game lasted 00:04:24 (5252 turns).

EnegeticOcto the Cleaver (Deep Dwarf Fighter)       Turns: 5252, Time: 00:04:24

Health: -2/104     AC: 18    Str: 23    XL:     11   Next: 3%
Magic:  10/10      EV:  8    Int:  9    God:    Makhleb [***...]
Gold:   293        SH: 11    Dex: 12    Spells: 10/10 levels left

rFire    + . .     SeeInvis .   a - +1 war axe
rCold    . . .     Gourm    .   c - +0 kite shield
rNeg     . . .     Faith    .   w - +0 plate armour
rPois    .         Spirit   .   l - +0 helmet
rElec    .         Reflect  .   A - +0 cloak
rCorr    .         Harm     .   t - +1 pair of gloves
MR       +....                  (no boots)
Stlth    ..........             (no amulet)
HPRegen  0.00/turn              r - ring of protection from fire
MPRegen  0.12/turn              (no ring)

@: non-regenerating
A: damage resistance, heal wounds, sense surroundings 2, no regeneration
a: Heal Wounds, Minor Destruction, Lesser Servant of Makhleb, Renounce Religion


You were on level 11 of the Dungeon.
You worshipped Makhleb.
Makhleb was most pleased with you.
You were not hungry.

You visited 2 branches of the dungeon, and saw 12 of its levels.

You collected 435 gold pieces.
You spent 142 gold pieces at shops.

Inventory:

Hand Weapons
 a - a +1 war axe (weapon)
Missiles
 f - a throwing net (quivered)
Armour
 c - a +0 kite shield (worn)
 l - a +0 helmet (worn)
 t - a +1 pair of gloves (worn)
 w - a +0 plate armour (worn)
 A - a +0 cloak (worn)
Jewellery
 r - a ring of protection from fire (left hand)
Wands
 n - a wand of paralysis (6)
 u - a wand of acid (5) {@v1}
Scrolls
 b - 2 scrolls of remove curse {@r6}
 d - 3 scrolls of magic mapping {@r5}
 i - 3 scrolls of enchant weapon
 j - 2 scrolls of teleportation {@r2}
 y - a scroll of summoning
Potions
 g - 4 potions of ambrosia {unknown}
 h - 2 potions of invisibility {unknown}
 k - 5 potions of might {@q3}
 m - 3 potions of lignification {@q7}
 o - 3 potions of brilliance {unknown}
 p - a potion of flight
 q - a potion of heal wounds {@q2}
 s - a potion of mutation {unknown}
 v - 2 potions of cancellation
 z - a potion of stabbing {unknown}
Comestibles
 e - 9 rations
 x - 21 chunks of flesh


   Skills:
 * Level 8.4 Fighting
 * Level 9.7 Axes
 + Level 7.5 Armour
 + Level 6.5 Dodging
 + Level 7.4 Shields
 * Level 7.0 Invocations


You had 10 spell levels left.
You didn't know any spells.
Your spell library was empty.

Dungeon Overview and Level Annotations

Branches:
Dungeon (11/15)            Temple (1/1) D:4            Lair (0/6) D:11
    Orc (0/2) D:9

Altars:
Ashenzari
Cheibriados
Dithmenos
Elyvilon
Fedhas
Gozag
Hepliaklqana
Kikubaaqudgha
Makhleb
Nemelex Xobeh
Okawaru
Qazlal
Ru
Sif Muna
Trog
Uskayaw
Vehumet
Wu Jian
Xom
Yredelemnul
Zin
The Shining One

Shops:
D:5 ?   D:10 !=[(


Innate Abilities, Weirdness & Mutations

You are resistant to damage.
You can heal yourself by infusing magical energy.
You passively map the area around you.
You do not regenerate.


Message History

The eight-headed hydra bites you but does no damage. x4
The eight-headed hydra bites you.
The eight-headed hydra barely misses you.
You hack one of the eight-headed hydra's heads off!
The seven-headed hydra grows two more!
You slash the nine-headed hydra!
The nine-headed hydra is moderately wounded.
The nine-headed hydra bites you!
The nine-headed hydra closely misses you.
You block the nine-headed hydra's attack.
The nine-headed hydra bites you.
The nine-headed hydra bites you but does no damage. x3
You block the nine-headed hydra's attack.
The nine-headed hydra barely misses you.
You slice one of the nine-headed hydra's heads off!
The eight-headed hydra grows two more!
You hit the ten-headed hydra.
The ten-headed hydra is lightly wounded.
The ten-headed hydra bites you but does no damage.
You block the ten-headed hydra's attack.
The ten-headed hydra bites you but does no damage. x2
The ten-headed hydra bites you. x2
The ten-headed hydra bites you but does no damage.
You block the ten-headed hydra's attack.
The ten-headed hydra barely misses you. The ten-headed hydra bites you!
You slice one of the ten-headed hydra's heads off!
The nine-headed hydra grows two more!
You hit the 11-headed hydra.
The 11-headed hydra is lightly wounded.
The 11-headed hydra bites you but does no damage. x2
You block the 11-headed hydra's attack. The 11-headed hydra bites you.
The 11-headed hydra closely misses you.
The 11-headed hydra bites you but does no damage.
The 11-headed hydra bites you.
The 11-headed hydra bites you but does no damage. x3
You block the 11-headed hydra's attack.
You completely miss the 11-headed hydra.
The 11-headed hydra is lightly wounded.
The 11-headed hydra bites you but does no damage.
The 11-headed hydra bites you.
The 11-headed hydra bites you but does no damage.
The 11-headed hydra bites you! You block the 11-headed hydra's attack.
The 11-headed hydra completely misses you.
You block the 11-headed hydra's attack. The 11-headed hydra bites you!
The 11-headed hydra barely misses you.
The 11-headed hydra bites you but does no damage. x2
You are too injured to fight recklessly!
You are too injured to fight recklessly!
You are too injured to fight recklessly!
You are too injured to fight recklessly!
You are too injured to fight recklessly!
You are too injured to fight recklessly!
You are too injured to fight recklessly!
Evoke which item? (* to show all) (? for menu, Esc to quit)
Aiming: Corrosive Bolt
Press: ? - help, Shift-Dir - straight line, f - 11-headed hydra
Aim: an 11-headed hydra (lightly wounded)
The bolt of acid hits the 11-headed hydra!
The 11-headed hydra is splashed with acid.
The acid corrodes the 11-headed hydra!
The 11-headed hydra is moderately wounded.
The 11-headed hydra barely misses you. The 11-headed hydra bites you.
The 11-headed hydra barely misses you. You block the 11-headed hydra's attack.
The 11-headed hydra bites you but does no damage.
You block the 11-headed hydra's attack. x2
The 11-headed hydra bites you but does no damage.
The 11-headed hydra bites you!
* * * LOW HITPOINT WARNING * * *
The 11-headed hydra bites you but does no damage.
The 11-headed hydra bites you.
Evoke which item? (* to show all) (? for menu, Esc to quit)
Aiming: Corrosive Bolt
Press: ? - help, Shift-Dir - straight line, f/p - 11-headed hydra
Aim: an 11-headed hydra (moderately wounded, covered in acid)
The bolt of acid misses the 11-headed hydra.
The 11-headed hydra bites you.
You block the 11-headed hydra's attack. x2
The 11-headed hydra bites you. x2
* * * LOW HITPOINT WARNING * * *
The 11-headed hydra bites you!
* * * LOW HITPOINT WARNING * * *
The 11-headed hydra bites you but does no damage. x2
You block the 11-headed hydra's attack. The 11-headed hydra bites you!
* * * LOW HITPOINT WARNING * * *
The 11-headed hydra bites you.
* * * LOW HITPOINT WARNING * * *
Evoke which item? (* to show all) (? for menu, Esc to quit)
Aiming: Corrosive Bolt
Press: ? - help, Shift-Dir - straight line, f/p - 11-headed hydra
Aim: an 11-headed hydra (moderately wounded, covered in acid)
The bolt of acid hits the 11-headed hydra!
The 11-headed hydra is splashed with acid!
The 11-headed hydra seems to be corroded for longer.
The 11-headed hydra is heavily wounded.
The 11-headed hydra bites you but does no damage.
The 11-headed hydra bites you.
* * * LOW HITPOINT WARNING * * *
The 11-headed hydra bites you but does no damage.
The 11-headed hydra closely misses you. You block the 11-headed hydra's attack.
The 11-headed hydra bites you but does no damage. x3
The 11-headed hydra bites you!
* * * LOW HITPOINT WARNING * * *
The 11-headed hydra bites you.
You die...

........###....#####.#.#
* , ......)## #..#.# #.
#......####....# , .
###..)รท[)(...### .#
#.....####..# ..#
#.....# #..######..#
#...#.# #..........#
#...... ####.....###
......... #....@D..[#
###.##.## #......)....#
#. #.# #.........P...#*
* #.......>....... *
#....P.......... ,, ,,
*#..#...........#.* ,
.####..[......## * ** ,
* ###.....###* , , * * *
*


You could see a 11-headed hydra.

Vanquished Creatures
  An ugly thing (D:11)
  A kobold demonologist (D:11)
  2 hippogriffs
  7 yaks (D:9)
  A hungry ghost (D:8)
  3 wargs (D:11)
  3 ice beasts
  A swamp drake (D:9)
  A black bear (D:7)
  5 orc warriors
  2 phantoms
  2 sky beasts
  4 ogres
  An eye of draining (D:10)
  A necrophage (D:9)
  3 centaurs
  4 bullfrogs
  A gnoll sergeant (D:9)
  A wyvern skeleton (D:6)
  4 scorpions
  18 killer bees
  4 howler monkeys
  4 crimson imps
  2 centaur zombies
  2 quasits
  A bullfrog skeleton (D:5)
  2 hounds
  7 orc priests
  3 jellies
  An iguana (D:9)
  Ijyb (D:3)
  Natasha (D:3)
  16 orc wizards
  4 worker ants
  10 gnolls
  14 adders
  2 shadow imps
  An ooze (D:4)
  A worm (D:4)
  4 leopard geckos
  43 orcs
  2 bats
  5 giant cockroaches
  3 goblins
  3 hobgoblins
  18 jackals
  2 kobolds
  5 quokkas
  3 frilled lizards
  A leopard gecko zombie (D:5)
  A quokka skeleton (D:4)
  9 rats
  A spectral orc (D:4)
242 creatures vanquished.

Notes
Turn   | Place    | Note
-------+----------+-------------------------------------------
     0 | D:1      | EnegeticOcto the Deep Dwarf Fighter began the quest for the
                  | Orb.
     0 | D:1      | Reached XP level 1. HP: 20/20 MP: 1/1
    31 | D:1      | Reached XP level 2. HP: 27/27 MP: 2/2
    74 | D:2      | Reached XP level 3. HP: 27/34 MP: 3/3
    81 | D:2      | Reached skill level 3 in Axes
    81 | D:2      | Reached skill level 1 in Dodging
   316 | D:3      | Reached XP level 4. HP: 37/42 MP: 3/3
   420 | D:3      | Noticed Natasha
   432 | D:3      | Killed Natasha
   509 | D:3      | Noticed Ijyb
   515 | D:3      | Killed Ijyb
   604 | D:4      | Reached XP level 5. HP: 36/49 MP: 4/4
   613 | D:4      | Found a staircase to the Ecumenical Temple.
   622 | Temple   | Entered the Ecumenical Temple
  1059 | D:4      | Reached skill level 4 in Axes
  1101 | D:4      | Found a basalt altar of Yredelemnul.
  1339 | D:5      | Entered Level 5 of the Dungeon
  1346 | D:5      | Reached XP level 6. HP: 33/57 MP: 4/4
  1451 | D:5      | Noticed a sky beast
  1457 | D:5      | Killed a sky beast
  1495 | D:5      | Noticed an ice beast
  1519 | D:5      | Killed an ice beast
  1562 | D:5      | Reached XP level 7. HP: 44/66 MP: 5/5
  1686 | D:5      | Found a basalt altar of Yredelemnul.
  1743 | D:5      | Reached skill level 5 in Axes
  1828 | D:5      | Found Zejanky's Magic Scroll Shop.
  1840 | D:5      | Bought a scroll of magic mapping for 38 gold pieces
  1840 | D:5      | Bought a scroll of summoning for 104 gold pieces
  2035 | D:6      | Found a sacrificial altar of Ru.
  2180 | D:6      | Reached skill level 5 in Fighting
  2229 | D:6      | Found an iron altar of Okawaru.
  2247 | D:6      | Reached skill level 5 in Armour
  2250 | D:6      | Reached skill level 5 in Shields
  2250 | D:6      | Reached XP level 8. HP: 36/74 MP: 6/6
  2263 | D:6      | Reached skill level 6 in Axes
  2509 | D:7      | Reached skill level 7 in Axes
  2786 | D:8      | Gained mutation: You passively map the area around you.
                  | [Deep Dwarf growth]
  2786 | D:8      | Reached XP level 9. HP: 54/82 MP: 6/6
  2949 | D:8      | Reached skill level 5 in Dodging
  3058 | D:8      | Found a burning altar of Makhleb.
  3058 | D:8      | Found a hazy altar of Hepliaklqana.
  3062 | D:8      | Became a worshipper of Makhleb the Destroyer
  3089 | D:8      | Reached skill level 1 in Invocations
  3507 | D:8      | Found a radiant altar of Vehumet.
  3654 | D:9      | Reached skill level 8 in Axes
  3788 | D:9      | Reached XP level 10. HP: 54/94 MP: 6/8
  3804 | D:9      | Found an iron altar of Okawaru.
  3861 | D:9      | Found a snail-covered altar of Cheibriados.
  3893 | D:9      | Reached * piety under Makhleb
  4050 | D:9      | Reached skill level 5 in Invocations
  4147 | D:9      | Reached ** piety under Makhleb
  4158 | D:9      | Reached skill level 9 in Axes
  4205 | D:9      | Found a staircase to the Orcish Mines.
  4495 | D:10     | Entered Level 10 of the Dungeon
  4500 | D:10     | Found Plog's Antique Weapon Shop.
  4611 | D:10     | Found Qomolup's Armour Shoppe.
  4705 | D:10     | Found Qunukol's Jewellery Shoppe.
  4711 | D:10     | Found Maeraisi's Distillery.
  5128 | D:11     | Noticed a purple ugly thing
  5144 | D:11     | Noticed a sun demon
  5161 | D:11     | Killed a purple ugly thing
  5165 | D:11     | Noticed a smoke demon
  5193 | D:11     | Reached XP level 11. HP: 94/104 MP: 10/10
  5194 | D:11     | Reached *** piety under Makhleb
  5236 | D:11     | Found a staircase to the Lair.
  5239 | D:11     | Noticed a six-headed hydra
  5252 | D:11     | HP: 2/104 [11-headed hydra (7)]
  5252 | D:11     | Slain by an 11-headed hydra

Levels and vault maps discovered:
D:1:      erik_arrival_orb_chamber, layout_basic, minmay_misc_feat_room,
          minmay_pentomino_v2
D:2:      layout_basic
D:3:      layout_basic, first_ration, uniq_ijyb, uniq_terence, uniq_natasha
D:4:      layout_rooms, yredelemnul_forgotten_temple_becter,
          minmay_temple_entry_statues_fountains
D:5:      layout_loops_ring, basic_altar, serial_shops, shop_scrolls,
          serial_park_tiny_2, minmay_misc_feat_secret_circle
D:6:      layout_basic, lemuel_crystal_altar, okawaru_metal_pillars_1_2
D:7:      layout_rooms
D:8:      layout_basic, kennysheep_mini,
          chequers_temple_overflow_statue_of_worship
D:9:      layout_roguey, nicolae_overflow_crystal_walls,
          nicolae_overflow_hidden_temple, erik_orc_1
D:10:     layout_loops_cross, serial_shops, nicolae_shop_behind_doors, shop,
          nicolae_shop_overgrown_old_shop, shop_fountains
D:11:     layout_loops_ring, erik_lair_orcish_takeover
Temple:   regret_index_temple_generic_petals

Skill      XL: |  1  2  3  4  5  6  7  8  9 10 11 |
---------------+----------------------------------+-----
Fighting       | 3 4 5 6 7 8 |  8.4
Axes           | 3 4 5 7 8 9 |  9.7
Dodging        | 1 2 3 4 5 6 |  6.5
Armour         | 4 5 6 7 |  7.5
Shields        | 4 5 6 7 |  7.4
Invocations    | 4 6 7 |  7.0

Action                   |  1- 3 |  4- 6 |  7- 9 | 10-12 || total
-------------------------+-------+-------+-------+-------++-------
Melee: War axe           |    80 |   154 |   359 |   338 ||   931
 Abil: Heal Wounds       |     2 |     4 |    16 |     7 ||    29
Evoke: Wand              |       |       |       |     3 ||     3
  Use: Scroll            |       |       |    14 |       ||    14
  Eat: Chunk             |       |     3 |     6 |     1 ||    10
       Ration            |       |       |     5 |       ||     5
Armor: Scale mail        |    64 |    98 |    61 |       ||   223
       Plate armour      |       |       |   277 |   334 ||   611
Dodge: Dodged            |    40 |    60 |   169 |   175 ||   444
Block: Kite shield       |    67 |    96 |   311 |   286 ||   760

Table legend:
 A = Non-vault XP
 B = Vault XP
 C = Vault XP percentage of total XP
 D = Non-vault monster count
 E = Vault monster count
 F = Vault count percentage of total count
                 A         B        C        D         E       F
            +---------+---------+-------+---------+---------+-------
      Total |   10096 |    1281 |  11.3 |     205 |      37 |  15.3
            +---------+---------+-------+---------+---------+-------
        D:1 |       5 |      11 |  68.8 |       2 |       9 |  81.8
        D:2 |      79 |       0 |   0.0 |      19 |       0 |   0.0
        D:3 |      17 |      71 |  80.7 |       3 |       2 |  40.0
        D:4 |     189 |       1 |   0.5 |      32 |       1 |   3.0
        D:5 |     495 |       0 |   0.0 |      12 |       0 |   0.0
        D:6 |    1052 |       0 |   0.0 |      28 |       0 |   0.0
        D:7 |     754 |       0 |   0.0 |      17 |       0 |   0.0
        D:8 |    1305 |       0 |   0.0 |      19 |       0 |   0.0
        D:9 |    3228 |     570 |  15.0 |      47 |      17 |  26.6
       D:10 |    1530 |       0 |   0.0 |      19 |       0 |   0.0
       D:11 |    1442 |     628 |  30.3 |       7 |       8 |  53.3
            +---------+---------+-------+---------+---------+-------
